 Dungeon Crawl Stone Soup version 0.22-a0-322-g60b3cfd (webtiles) character file.

25685 Amnesiac the Zephyrmancer (level 13, -3/68 HPs)
             Began as a Tengu Air Elementalist on Apr 3, 2018.
             Was a High Priest of Sif Muna.
             Slain by Donald
             ... wielding a +0 scimitar
              (24 damage)
             ... on level 1 of the Orcish Mines.
             The game lasted 00:41:22 (15430 turns).

Amnesiac the Zephyrmancer (Tengu Air Elementalist) Turns: 15430, Time: 00:41:23

Health: -3/68      AC:  6    Str:  9    XL:     13   Next: 21%
Magic:  21/30      EV: 18    Int: 19    God:    Sif Muna [*****.]
Gold:   1279       SH:  7    Dex: 16    Spells: 7/36 levels left

rFire    + + .     SeeInvis .   (no weapon)
rCold    + . .     Gourm    .   n - +2 buckler {reflect}
rNeg     . . .     Faith    +   b - +2 robe {rF+}
rPois    .         Spirit   .   (helmet restricted)
rElec    .         Reflect  +   i - scarf {rC+ rF+}
rCorr    .         Harm     .   (no gloves)
MR       .....                  (boots unavailable)
Stlth    ++........             K - amulet of faith
HPRegen  0.21/turn              q - +3 ring of protection
MPRegen  0.22/turn              h - ring of wizardry

@: flying quickly and evasively, divine energy, quick
A: beak, talons 3, deformed body, mutation resistance 1, able to fly 1
a: Stop Divine Energy, Channel Magic, Forget Spell, Renounce Religion


You were on level 1 of the Orcish Mines.
You worshipped Sif Muna.
Sif Muna was extremely pleased with you.
You were not hungry.

You visited 3 branches of the dungeon, and saw 12 of its levels.

You collected 1343 gold pieces.
You spent 64 gold pieces at shops.

Inventory:

Hand Weapons
 G - a +9 blowgun
Armour
 b - a +2 robe of fire resistance (worn)
 i - a scarf of resistance (worn)
 n - a +2 buckler of reflection (worn)
Jewellery
 h - a ring of wizardry (right hand)
 q - a +3 ring of protection (left hand)
 D - a +3 ring of intelligence
 K - an amulet of faith (around neck)
 M - the ring of Scepticism {rCorr rF++ rC++ Str-5}
   (You found it on level 9 of the Dungeon)

   [ring of resist corrosion]

   It affects your strength (-5).
   It greatly protects you from fire.
   It greatly protects you from cold.
Wands
 A - a wand of acid (12)
 C - a wand of disintegration (16)
 F - a wand of iceblast (11)
 J - a wand of random effects (37)
Scrolls
 d - 2 scrolls of magic mapping {!r}
 f - 4 scrolls of remove curse {!r}
 g - 4 scrolls of teleportation {!r}
 j - a scroll of immolation {!r}
 m - a scroll of blinking {!r, unknown}
 o - a scroll of amnesia {!r, unknown}
 u - 2 scrolls of enchant weapon {!r}
 v - a scroll of random uselessness {!r}
 w - a scroll of enchant armour {!r}
 L - a scroll of acquirement {!r}
Potions
 a - a potion of lignification {!q}
 e - 3 potions of flight {!q}
 l - a potion of mutation {!q}
 t - 5 potions of curing {!q}
 x - a potion of haste {!q}
 E - a potion of brilliance {!q}
 H - a potion of might {!q}
Comestibles
 c - 10 rations


   Skills:
 - Level 3.0 Fighting
 - Level 5.0 Dodging
 - Level 2.0 Stealth
 - Level 4.0 Shields
 - Level 12.0 Spellcasting
 - Level 13.0 Conjurations
 - Level 13.1 Air Magic
 * Level 6.9 Invocations


You had 7 spell levels left.
You knew the following spells:

 Your Spells              Type           Power        Failure   Level  Hunger
a - Airstrike             Air            ######....   1%          4    ##.....
b - Shock                 Conj/Air       ####         1%          1    None
c - Summon Butterflies    Summ           ##......     2%          1    None
d - Lightning Bolt        Conj/Air       ######....   1%          5    ####...
e - Mephitic Cloud        Conj/Pois/Air  #####...     1%          3    None
f - Chain Lightning       Conj/Air       ######....   54%         8    #######
g - Poisonous Vapours     Pois/Air       #####.       1%          2    None
r - Regeneration          Chrm/Necr      ##........   8%          3    None
z - Swiftness             Chrm/Air       #####...     1%          2    None


Dungeon Overview and Level Annotations

Branches:
Dungeon (9/15)             Temple (1/1) D:5            Lair (0/6) D:9
    Orc (2/2) D:9             Elf (0/3) Orc:2

Altars:
Ashenzari
Cheibriados
Dithmenos
Elyvilon
Fedhas
Gozag
Hepliaklqana
Kikubaaqudgha
Makhleb
Nemelex Xobeh
Okawaru
Qazlal
Ru
Sif Muna
Trog
Uskayaw
Vehumet
Wu Jian
Xom
Yredelemnul
Zin
The Shining One

Shops:
D:4 *   Orc:1 !

Annotations:
D:5 1 runed door
Orc:1 Donald


Innate Abilities, Weirdness & Mutations

You have a beak for a mouth.
You have claws for feet.
You can fly.
Armour fits poorly on your strangely shaped body.
You are somewhat resistant to further mutation.


Message History

Casting: Airstrike (safe; 1% risk of failure)
Confirm with . or Enter, or press ? or * to list all spells.
Okay, then.
There is a stone staircase leading up here.
You see here a bolt.
Casting: Airstrike (safe; 1% risk of failure)
Confirm with . or Enter, or press ? or * to list all spells.
Aiming: Poisonous Vapours (safe; 1% risk of failure)
Press: ? - help, Dir - move target cursor, f/p - Donald
Aim: Donald, wielding a scimitar, wearing a runed chain mail and wearing a glowing shield Poisonous vapours surround Donald!
Donald is engulfed in poison gas.
Donald is poisoned.
Donald gestures wildly while chanting.
Donald seems to grow stronger.
Donald is engulfed in poison gas.
Donald looks even sicker.
Donald casts a spell.
Donald seems to speed up.
You fly upwards.
There is a stone staircase leading down here.
Casting: Poisonous Vapours (safe; 1% risk of failure)
Confirm with . or Enter, or press ? or * to list all spells.
Aiming: Poisonous Vapours (safe; 1% risk of failure)
Press: ? - help, Dir - move target cursor, f - Donald
Aim: Donald, wielding a scimitar, wearing a runed chain mail and wearing a glowing shield (lightly wounded, fast, unusually strong, poisoned) Poisonous vapours surround Donald!
Donald is engulfed in poison gas.
Donald looks even sicker.
Donald hits you with a scimitar!
Donald is engulfed in poison gas.
Donald looks as sick as possible!
Donald says, "If you wanted to read so much, why didn't you become a librarian?"
Donald hits you with a scimitar!!
* * * LOW HITPOINT WARNING * * *
Casting: Poisonous Vapours (safe; 1% risk of failure)
Confirm with . or Enter, or press ? or * to list all spells.
Aiming: Mephitic Cloud (safe; 1% risk of failure)
Press: ? - help, Shift-Dir - straight line, f/p - Donald
Aim: Donald, wielding a scimitar, wearing a runed chain mail and wearing a glowing shield (moderately wounded, fast, unusually strong, poisoned) That beam is likely to hit you.
Continue anyway?
Okay, then.
Donald says, "What do they mine anyway?
I've never seen them mine anything."
Okay, then.
Okay, then.
Unknown command.
Okay, then.
Okay, then.
Casting: Mephitic Cloud (safe; 1% risk of failure)
Confirm with . or Enter, or press ? or * to list all spells.
Okay, then.
Casting: Mephitic Cloud (safe; 1% risk of failure)
Confirm with . or Enter, or press ? or * to list all spells.
Aiming: Mephitic Cloud (safe; 1% risk of failure)
Press: ? - help, Shift-Dir - straight line, f/p - Donald
Aim: Donald, wielding a scimitar, wearing a runed chain mail and wearing a glowing shield (moderately wounded, fast, unusually strong, poisoned) That beam is likely to hit you.
Continue anyway? [Y]es or [N]o only, please.
That beam is likely to hit you.
Continue anyway?
Okay, then.
Unknown command.
Okay, then.
Okay, then.
Unknown command.
Really read
p - a scroll labeled IBLOCET OTTA {!r}?
As you read the scroll labeled IBLOCET OTTA {!r}, it crumbles to dust.
The scroll dissolves into smoke.
It was a scroll of fog {!r}.
Donald hits you with a scimitar!!
You die...

.........#..........#....##
.....#..................##
.#.####................#.##
#.........................#
##...............)....<...#
###..................)...#
#.......................#
##...........§§§.......##
#............§@@.>....[##
##.#.........§§§§.......#
##.#.#.......§.........# ##
#...#.......^..........#
.###.........[...........##
..#....##...............##
................>.....)##
..#.#.................[[##
..#.##....[..............#


You could see Donald.

Vanquished Creatures
  An orc warlord (Orc:2)
  Erolcha (D:9)
  3 two-headed ogres
  5 death yaks (D:8)
  An obsidian statue (D:9)
  3 orc sorcerers
  3 orc knights
  A gargoyle (D:9)
  A troll (Orc:1)
  Grinder (D:6)
  A hornet (D:8)
  A spriggan (D:7)
  Sigmund (D:2)
  A wraith (D:9)
  Menkaure (D:4)
  2 wargs
  A water moccasin (D:7)
  27 orc warriors
  An ice beast (D:9)
  4 sky beasts
  3 black bears
  A phantom (D:8)
  7 ogres
  2 necrophages (D:9)
  The ghost of Nico3ck the Chopper, an amateur DsFi (D:3)
  5 centaurs
  A bullfrog (D:8)
  3 scorpions
  2 wights (D:9)
  5 howler monkeys
  A centaur zombie (D:9)
  5 crimson imps
  2 quasits
  A jelly (D:6)
  3 hounds
  13 orc priests
  4 bullfrog skeletons
  An iguana (D:8)
  15 orc wizards
  Ijyb (D:3)
  6 worker ants
  4 gnolls (D:5)
  10 adders
  A shadow imp (D:7)
  An ooze (D:1)
  4 worms
  5 dart slugs
  2 leopard geckos
  70 orcs
  12 bats
  3 giant cockroaches
  11 goblins
  9 hobgoblins
  14 jackals
  8 kobolds
  3 quokkas
  2 ball pythons
  5 frilled lizards
  A jackal skeleton (D:4)
  2 leopard gecko skeletons
  9 rats
318 creatures vanquished.

Vanquished Creatures (others)
  3 centaurs (Orc:2)
3 creatures vanquished.

Grand Total: 321 creatures vanquished

Notes
Turn   | Place    | Note
-------+----------+-------------------------------------------
     0 | D:1      | Amnesiac the Tengu Air Elementalist began the quest for the Orb.
     0 | D:1      | Reached XP level 1. HP: 10/10 MP: 4/4
    69 | D:1      | Reached XP level 2. HP: 10/15 MP: 1/6
    77 | D:1      | Learned a level 2 spell: Swiftness
   638 | D:1      | Reached skill level 5 in Air Magic
   711 | D:1      | Reached XP level 3. HP: 19/19 MP: 4/7
  1379 | D:2      | Found a snail-covered altar of Cheibriados.
  1510 | D:2      | Reached XP level 4. HP: 24/24 MP: 2/9
  1541 | D:2      | Learned a level 4 spell: Airstrike
  1721 | D:2      | Noticed Sigmund
  1869 | D:2      | Killed Sigmund
  1869 | D:2      | Gained mutation: You can fly. [Tengu growth]
  1869 | D:2      | Reached XP level 5. HP: 15/28 MP: 0/11
  1869 | D:2      | Reached XP level 6. HP: 18/32 MP: 0/12
  2112 | D:2      | Found a bloodstained altar of Trog.
  2112 | D:2      | Found an ornate altar of the Wu Jian Council.
  2431 | D:3      | Learned a level 5 spell: Lightning Bolt
  2541 | D:3      | Found an opulent altar of Gozag.
  2684 | D:3      | Noticed Ijyb
  2742 | D:3      | Killed Ijyb
  3282 | D:3      | Noticed Nico3ck's ghost (amateur DsFi)
  3421 | D:3      | Killed Nico3ck's ghost
  3421 | D:3      | Reached XP level 7. HP: 18/36 MP: 0/14
  3521 | D:3      | Found a shimmering altar of Xom.
  3523 | D:3      | Found a burning altar of Makhleb.
  3716 | D:4      | Found Foer's General Store.
  4274 | D:4      | Noticed Menkaure
  4282 | D:4      | Killed Menkaure
  4282 | D:4      | Reached skill level 1 in Fighting
  4423 | D:4      | Found a stormy altar of Qazlal.
  4424 | D:4      | Noticed a fire elemental
  4424 | D:4      | Noticed an air elemental
  4424 | D:4      | Noticed a water elemental
  4678 | D:5      | Entered Level 5 of the Dungeon
  4861 | D:5      | Reached XP level 8. HP: 29/44 MP: 0/15
  4911 | D:5      | Found a glowing golden altar of the Shining One.
  5025 | D:5      | Found a staircase to the Ecumenical Temple.
  5034 | Temple   | Entered the Ecumenical Temple
  5254 | Temple   | Became a worshipper of Sif Muna the Loreminder
  5353 | D:5      | Found a glowing silver altar of Zin.
  5354 | D:5      | Found a runed door.
  5354 | D:5      | Noticed an angel
  5607 | D:5      | Reached skill level 5 in Dodging
  5724 | D:6      | Noticed a two-headed ogre
  6114 | D:6      | Noticed Grinder
  6159 | D:6      | Killed Grinder
  6159 | D:6      | Reached skill level 5 in Spellcasting
  6337 | D:6      | Reached * piety under Sif Muna
  6777 | D:5      | Killed a two-headed ogre
  6777 | D:5      | Reached XP level 9. HP: 50/50 MP: 0/22
  7502 | D:6      | Found a sacrificial altar of Ru.
  7640 | D:7      | Reached ** piety under Sif Muna
  7839 | D:7      | Found a hazy altar of Hepliaklqana.
  8370 | D:7      | Found a white marble altar of Elyvilon.
  8759 | D:8      | Reached XP level 10. HP: 56/56 MP: 4/24
  8859 | D:8      | Noticed a two-headed ogre
  8962 | D:8      | Killed a two-headed ogre
  8962 | D:8      | Reached *** piety under Sif Muna
  8962 | D:8      | Reached skill level 10 in Spellcasting
  8962 | D:8      | Reached skill level 10 in Air Magic
  9424 | D:8      | Found an iron altar of Okawaru.
  9505 | D:8      | Learned a level 1 spell: Summon Butterflies
  9555 | D:9      | Noticed a death yak
  9555 | D:9      | Noticed a death yak
  9559 | D:9      | Noticed a death yak
  9559 | D:9      | Noticed a death yak
  9934 | D:8      | Killed a death yak
  9934 | D:8      | Reached skill level 5 in Conjurations
 10234 | D:8      | Killed a death yak
 10234 | D:8      | Reached **** piety under Sif Muna
 10353 | D:9      | Noticed a death yak
 10419 | D:8      | Killed a death yak
 10419 | D:8      | Reached XP level 11. HP: 60/60 MP: 13/26
 10529 | D:8      | Killed a death yak
 10791 | D:8      | Killed a death yak
 10791 | D:8      | Reached skill level 10 in Conjurations
 10884 | D:9      | Found a staircase to the Lair.
 10932 | D:9      | Noticed an obsidian statue
 11082 | D:9      | Reached ***** piety under Sif Muna
 11082 | D:9      | Received a gift from Sif Muna
 11082 | D:9      | Reached XP level 12. HP: 61/64 MP: 2/28
 11084 | D:9      | Gained mutation: Armour fits poorly on your strangely shaped body. [potion of mutation]
 11084 | D:9      | Gained mutation: You are somewhat resistant to further mutation. [potion of mutation]
 11143 | D:9      | Found a shattered altar of Ashenzari.
 11439 | D:9      | Noticed a two-headed ogre
 11470 | D:9      | Killed a two-headed ogre
 11969 | D:9      | Found a staircase to the Orcish Mines.
 11988 | D:9      | Noticed Erolcha
 12025 | D:9      | Killed Erolcha
 12025 | D:9      | Identified Sif Muna's Grimoire of Confrontation (Sif Muna gifted it to you on level 9 of the Dungeon)
 12025 | D:9      | Received a gift from Sif Muna
 12025 | D:9      | Reached skill level 1 in Invocations
 12079 | D:9      | Learned a level 8 spell: Chain Lightning
 12083 | D:9      | Learned a level 3 spell: Regeneration
 12191 | D:9      | Got a heavily runed tin ring
 12195 | D:9      | Identified the ring of Scepticism {rCorr rF++ rC++ Str-5} (You found it on level 9 of the Dungeon)
 12273 | Orc:1    | Entered Level 1 of the Orcish Mines
 13306 | Orc:1    | Found Veotzi's Distillery.
 13346 | Orc:1    | Bought a potion of agility for 64 gold pieces
 13567 | Orc:2    | Entered Level 2 of the Orcish Mines
 13585 | Orc:2    | Noticed an orc warlord
 13605 | Orc:2    | Killed an orc warlord
 13605 | Orc:2    | Reached skill level 5 in Invocations
 13605 | Orc:2    | Reached XP level 13. HP: 68/68 MP: 11/30
 14805 | Orc:2    | Noticed Donald
 14866 | Orc:2    | Identified a scroll of acquirement {!r}
 15086 | Orc:2    | Found a staircase to the Elven Halls.
 15388 | Orc:1    | Learned a level 3 spell: Mephitic Cloud
 15391 | Orc:1    | Learned a level 2 spell: Poisonous Vapours
 15430 | Orc:1    | Slain by Donald

Vault maps used:
D:1:      lightli_iron_boxes
D:2:      gammafunk_temple_overflow_pools, serial_bayou, serial_bayou_pond_b,
          serial_bayou_lagoon_a, serial_bayou_crossing, serial_bayou_ford_a,
          kennysheep_nub, kennysheep_slug_shrine, uniq_sigmund
D:3:      grunt_temple_overflow_champion_of_chaos, grunt_gozag_breadcrumbs,
          uniq_ijyb
D:4:      serial_shops, shop, nicolae_qazlal_style_of_elements, uniq_menkaure
D:5:      lemuel_doored_altar, minmay_temple_entry_junction, first_ration,
          lemuel_angel_altar
D:6:      nicolae_ru_path_of_blood, uniq_grinder
D:7:      kennysheep_little_box, elyvilon_altar_3, dk_vineyard_1, the_bakery
D:8:      kennysheep_okawaru_gauntlet
D:9:      old_standard_altar, dpeg_lair_monsters, david_orc_2, minivault_15,
          minmay_bent, uniq_erolcha
Temple:   nicolae_temple_figure_eight
Orc:1:    serial_shops, nicolae_shop_behind_doors
Orc:2:    st_orc_rangers, sword_in_stone, uniq_donald

Skill      XL: |  1  2  3  4  5  6  7  8  9 10 11 12 13 |
---------------+----------------------------------------+-----
Air Magic      | 5 7 8 9 10 11 12 13 | 13.1
Spellcasting   | 3 4 8 9 10 11 12 | 12.0
Shields        | 2 4 |  4.0
Fighting       | 2 3 |  3.0
Dodging        | 4 5 |  5.0
Conjurations   | 8 11 13 | 13.0
Invocations    | 5 6 |  6.9
Stealth        | |  2.0

Action                   |  1- 3 |  4- 6 |  7- 9 | 10-12 | 13-15 || total
-------------------------+-------+-------+-------+-------+-------++-------
Melee: Unarmed           |    39 |    16 |    33 |    54 |     8 ||   150
       Kick              |     5 |     4 |     6 |     6 |     1 ||    22
       Peck              |     4 |     1 |     3 |     7 |     1 ||    16
 Cast: Shock             |    65 |    93 |   142 |     2 |       ||   302
       Airstrike         |       |    10 |   102 |   214 |    75 ||   401
       Lightning Bolt    |       |       |       |    52 |    13 ||    65
       Poisonous Vapours |       |       |       |       |     2 ||     2
Invok: Divine Energy     |       |       |     1 |       |       ||     1
       Channel Magic     |       |       |       |     2 |     1 ||     3
 Abil: Fly               |       |     2 |     8 |    14 |     5 ||    29
Evoke: Wand              |       |     8 |    10 |     1 |     2 ||    21
  Use: Scroll            |       |     4 |     2 |     3 |     9 ||    18
       Potion            |       |     2 |     1 |     9 |     3 ||    15
 Stab: Invisible         |       |       |       |     5 |       ||     5
  Eat: Chunk             |     3 |     7 |    19 |    20 |    10 ||    59
       Ration            |       |       |     4 |     5 |     1 ||    10
Armor: Robe              |    21 |     3 |       |     2 |     8 ||    34
       Leather armour    |       |     1 |    27 |    16 |       ||    44
       Skin              |       |       |       |    44 |       ||    44
Dodge: Dodged            |    57 |    24 |    66 |    83 |    24 ||   254
Block: Buckler           |       |       |    29 |    67 |    18 ||   114
       Reflection        |       |       |     5 |     4 |    10 ||    19

Table legend:
 A = Spawn XP
 B = Non-spawn XP
 C = Spawn XP percentage of total XP
 D = Spawn monster count
 E = Non-spawn monster count
 F = Spawn count percentage of total count
 G = Total turns spent on level
                    A         B        C        D         E        F      G
               +---------+---------+-------+---------+---------+-------+---------
         Total |       0 |   26428 |   0.0 |       0 |     321 |   0.0 | 15430
               +---------+---------+-------+---------+---------+-------+---------
           D:1 |       0 |      65 |   0.0 |       0 |      35 |   0.0 |  1359
           D:2 |       0 |     294 |   0.0 |       0 |      27 |   0.0 |   933
           D:3 |       0 |     318 |   0.0 |       0 |      30 |   0.0 |  1286
           D:4 |       0 |     432 |   0.0 |       0 |      18 |   0.0 |  1100
           D:5 |       0 |    1354 |   0.0 |       0 |      24 |   0.0 |  1431
           D:6 |       0 |     897 |   0.0 |       0 |      20 |   0.0 |  1247
           D:7 |       0 |     832 |   0.0 |       0 |      14 |   0.0 |   980
           D:8 |       0 |    7128 |   0.0 |       0 |      35 |   0.0 |  2244
           D:9 |       0 |    5452 |   0.0 |       0 |      51 |   0.0 |  1762
         Orc:1 |       0 |    4377 |   0.0 |       0 |      34 |   0.0 |  1800
         Orc:2 |       0 |    5279 |   0.0 |       0 |      33 |   0.0 |  1031
               +---------+---------+-------+---------+---------+-------+---------
